 Dungeon Crawl Stone Soup version 0.17-a0-473-gfd9ac06 (webtiles) character file.

161 Ololoev the Slasher (level 5, -6/41 HPs)
             Began as a Mummy Chaos Knight on Apr 7, 2015.
             Mangled by Edmund
             ... wielding a +0 dire flail
              (11 damage)
             ... on level 4 of the Dungeon.
             The game lasted 00:06:22 (3275 turns).

Ololoev the Slasher (Mummy Chaos Knight)            Turns: 3275, Time: 00:06:22

Health: -6/41      AC:  6    Str: 16    XL:     5   Next: 18%
Magic:  5/5        EV: 11    Int: 11    God:    Xom [*.....]
Gold:   175        SH:  0    Dex: 11    Spells: 0 memorised, 4 levels left

rFire  x . .     SeeInvis .     a - +1 falchion (chaos)
rCold  + . .     Clarity  .     b - +3 leather armour
rNeg   + + +     SustAb   .     (no shield)
rPois  ∞         Gourm    .     (no helmet)
rElec  .         Spirit   .     (no cloak)
rCorr  .         Warding  .     (no gloves)
rMut   .         Stasis   .     (no boots)
MR     +....                    (no amulet)
Stlth  ++........               j - ring of protection from magic
                                c - ring of stealth

@: somewhat resistant to hostile enchantments, unstealthy
A: no food or potions, fire vulnerability, cold resistance 1, negative energy
resistance 3, torment resistance, unbreathing
a: Renounce Religion


Innate Abilities, Weirdness & Mutations

You do not eat or drink.
Your flesh is vulnerable to fire.
You are immune to poison.
Your flesh is cold resistant.
You are immune to negative energy.
You are immune to unholy pain and torment.
You can survive without breathing.

Inventory:

Hand weapons
 a - a +1 falchion of chaos (weapon)
 f - a +0 dagger of pain
 g - a +1 dagger of freezing
Armour
 b - a +3 leather armour (worn)
Jewellery
 c - a ring of stealth (left hand)
 j - a ring of protection from magic (right hand)
Scrolls
 d - 2 scrolls of teleportation
 e - 4 scrolls of remove curse
 h - 3 scrolls of identify {unknown}
 i - a scroll of amnesia {unknown}


   Skills:
 - Level 3.0 Fighting
 + Level 4.9 Long Blades
 - Level 1.5 Armour
 - Level 0.7 Dodging


You had 4 spell levels left.
You didn't know any spells.


You were on level 4 of the Dungeon.
You worshipped Xom.
You were a special plaything of Xom.
You were not hungry.

You visited 1 branch of the dungeon, and saw 4 of its levels.

You collected 175 gold pieces.

##..##..#
##..####.##
##..## #..##
##..##
##..###
##..##
#....## #.<##
#.....###
#.###
###.......#
..
##....###....
... #.@@..#
##. ...
#......# .
#.......#
#.......$#
#.........#
#.........
#.........
......(.. ...

Notes
Turn   | Place    | Note
--------------------------------------------------------------
     0 | D:1      | Ololoev, the Mummy Chaos Knight, began the quest for the Orb.
     0 | D:1      | Reached XP level 1. HP: 18/18 MP: 1/1
   179 | D:1      | XOM: divination: detect creatures
   184 | D:1      | Reached XP level 2. HP: 24/24 MP: 2/2
   278 | D:1      | XOM: divination: detect items
   747 | D:2      | Noticed Ijyb
   753 | D:2      | XOM: divination: detect creatures
   759 | D:2      | Killed Ijyb
   759 | D:2      | Reached XP level 3. HP: 21/29 MP: 3/3
   761 | D:2      | Reached skill level 4 in Long Blades
   764 | D:2      | Reached XP level 4. HP: 21/35 MP: 4/4
   910 | D:2      | Found a white marble altar of Elyvilon.
   924 | D:2      | Found a deep blue altar of Sif Muna.
   980 | D:2      | Found a shimmering altar of Xom.
  1003 | D:2      | XOM: harmless Hex miscast
  1663 | D:3      | Found an opulent altar of Gozag.
  1665 | D:3      | Noticed Sigmund
  1927 | D:3      | XOM: harmless Air miscast
  1937 | D:3      | XOM: 1-stop teleportation journey
  1938 | D:3      | XOM: blink monster(s)
  2327 | D:3      | XOM: colour smoke trail
  2387 | D:3      | XOM: medium Erth miscast
  2626 | D:3      | Reached XP level 5. HP: 28/41 MP: 5/5
  2917 | D:3      | XOM: summons 2 hostile demons
  3253 | D:4      | Noticed Edmund
  3275 | D:4      | Mangled by Edmund

Dungeon Overview and Level Annotations

Branches:
Dungeon (4/15)
 Temple: D:4-7

Altars:
Elyvilon
Gozag
Sif Muna
Xom

Annotations:
D:3 Sigmund
D:4 Edmund


Message History

Here: Edmund, wielding a dire flail and wearing a ring mail (resting)
The floor.
You aren't carrying any items that can be evoked.
Read which item? (? for menu, Esc to quit)
Okay, then.
Edmund is too close now for your liking.
Found 18 gold pieces.
Edmund shouts!
You hit Edmund but do no damage.
Edmund appears confused.
Edmund hits you with a dire flail.
You hit Edmund but do no damage. You hit Edmund. You burn Edmund.
Edmund is lightly wounded.
Found 25 stones.
Edmund seems less confused.
Edmund hits you with a dire flail.
You slash Edmund! You freeze Edmund.
Edmund is moderately wounded.
Edmund closely misses you.
You barely miss Edmund.
Edmund is moderately wounded.
Edmund hits you but does no damage.
You slash Edmund!
There is a sudden explosion of sparks!
Edmund is almost dead.
Edmund hits you with a dire flail.
You hit Edmund.
Edmund suddenly stops moving!
Edmund is almost dead.
Edmund is no longer paralysed.
Edmund hits you with a dire flail!
You barely miss Edmund.
Edmund is almost dead.
Edmund hits you with a dire flail.
You hit Edmund.
Edmund is almost dead.
Edmund hits you with a dire flail!
You barely miss Edmund.
Edmund is almost dead.
Edmund closely misses you.
You hit Edmund but do no damage.
Edmund is almost dead.
Edmund hits you with a dire flail!
You die...

You could see Edmund.

Vanquished Creatures
  Ijyb (D:2)
  An iron imp (D:3)
  3 adders
  A shadow imp (D:3)
  7 worms
  4 giant geckos
  An ooze (D:3)
  6 orcs
  4 giant cockroaches
  3 hobgoblins
  A quokka (D:3)
  A ball python (D:2)
  4 bats
  4 giant newts
  7 goblins
  10 kobolds
  6 rats
64 creatures vanquished.

Action                   |  1- 3 |  4- 6 || total
-------------------------+-------+-------++-------
Melee: Falchion          |    81 |   170 ||   251
       Dagger            |       |    13 ||    13
  Use: Scroll            |     6 |     1 ||     7
 Stab: Paralysed         |     4 |     1 ||     5
       Sleeping          |     1 |     2 ||     3

Vault maps used:
D:1:      lightli_arrival_maybe_door_vault, minmay_misc_feat_ornament
D:2:      tgw_xom, amethyst_overflow_temple_binary, uniq_iyjb
D:3:      overflow_temple_1_default, uniq_sigmund
D:4:      first_bread, kennysheep_decorative_pillar, uniq_grinder, uniq_edmund,
          uniq_natasha, uniq_pikel
